 Dungeon Crawl Stone Soup version 0.30-a0-269-gf0224bf7b6 (webtiles) character file.

Game seed: 7959193987441385454

918 tbh1313 the Basher (level 7, -5/57 HPs)
             Began as a Minotaur Berserker on Oct 14, 2022.
             Was a Priest of Trog.
             Slain by a gnoll sergeant
             ... wielding a +0 spear
              (10 damage)
             ... on level 6 of the Dungeon.
             The game lasted 00:06:23 (4047 turns).

tbh1313 the Basher (Minotaur Berserker)             Turns: 4047, Time: 00:06:24

Health: -5/57      AC:  6    Str: 22    XL:     7   Next: 83%
Magic:  6/6        EV: 11    Int:  6    God:    Trog [***...]
Gold:   129        SH:  0    Dex:  9    Spells: 6/6 levels left

rFire   . . .      SeeInvis .    a - +3 whip
rCold   . . .      Faith    .    (no shield)
rNeg    + . .      Spirit   .    o - +0 ring mail
rPois   .          Reflect  .    (helmet restricted)
rElec   .          Harm     .    (no cloak)
rCorr   +          Rampage  .    (no gloves)
Will    ++...                    t - +0 pair of boots
Stlth   ..........               (no amulet)
HPRegen 1.29/turn                b - ring of resist corrosion
MPRegen 0.10/turn                m - ring of positive energy

@: strong-willed, regenerating
A: horns 2, retaliatory headbutt
a: Renounce Religion, Berserk, Trog's Hand


You were on level 6 of the Dungeon.
You worshipped Trog.
Trog was most pleased with you.
You visited 1 branch of the dungeon, and saw 6 of its levels.

You collected 232 gold pieces.
You spent 103 gold pieces at shops.

Inventory:

Hand Weapons
 a - a +3 whip (weapon)
Missiles
 w - 2 javelins (quivered)
Armour
 o - a +0 ring mail (worn)
 t - a +0 pair of boots (worn)
Jewellery
 b - a ring of resist corrosion (left hand)
 m - a ring of positive energy (right hand)
 u - a ring of flight
Scrolls
 c - 2 scrolls of poison {unknown}
 d - a scroll of immolation
 h - a scroll of enchant armour {unknown}
 i - a scroll of enchant weapon {unknown}
 j - 5 scrolls of teleportation
 q - a scroll of noise {unknown}
 r - a scroll of butterflies
 v - a scroll of magic mapping {unknown}
 x - a scroll of fear {unknown}
Potions
 e - a potion of mutation
 f - 2 potions of brilliance
 g - a potion of might {unknown}
 k - 2 potions of curing {unknown}
 l - a potion of flight {unknown}
 n - a potion of cancellation {unknown}
 p - a potion of degeneration {unknown}
 s - 3 potions of lignification {unknown}
 z - 2 potions of magic {unknown}


   Skills:
 - Level 3.6 Fighting
 - Level 5.0(8.2) Axes
 + Level 10.1(10.6) Maces & Flails
 - Level 2.4 Armour
 - Level 2.1 Dodging


You had 6 spell levels left.
You didn't know any spells.
Your spell library was empty.

Dungeon Overview and Level Annotations

Branches:
Dungeon (6/15)             Temple (0/1) D:5

Altars:
Elyvilon
Hepliaklqana
Kikubaaqudgha
Uskayaw
Xom

Shops:
D:2 *   D:4 [   D:6 =


Innate Abilities, Weirdness & Mutations

You have a pair of horns on your head.
You reflexively headbutt those who attack you in melee.


Message History

The howler monkey barely misses you.
You hit the howler monkey.
You kill the howler monkey!
Trog accepts your kill.
Your Maces & Flails skill increases to level 10!
The gnoll hits you with a +0 club. The gnoll sergeant misses you.
The gnoll barely misses you.
You barely miss the gnoll. You headbutt the gnoll.
The gnoll is moderately wounded.
The gnoll completely misses you. The gnoll barely misses you.
The gnoll sergeant hits you from afar with a +0 spear!
You whack the gnoll!
You kill the gnoll!
Trog accepts your kill. The gnoll hits you but does no damage.
The gnoll sergeant hits you with a +0 spear.
Items here: ! ))) [ †.
You barely miss the gnoll sergeant. You headbutt the gnoll sergeant.
The gnoll sergeant is lightly wounded.
The gnoll closely misses you.
The gnoll sergeant hits you but does no damage.
You hit the gnoll sergeant.
The gnoll sergeant is moderately wounded.
You barely miss the gnoll sergeant.
Your headbutt misses the gnoll sergeant.
The gnoll sergeant is moderately wounded.
The gnoll misses you. You furiously retaliate!
You headbutt the gnoll.
The gnoll sergeant hits you with a +0 spear!
The gnoll sergeant blocks your attack.
The gnoll sergeant is moderately wounded.
The gnoll sergeant hits you with a +0 spear!
* * * LOW HITPOINT WARNING * * *
The gnoll barely misses you.
Okay, then.
Your skin crawls.
You feel strong-willed. The gnoll hits you with a +0 spear.
* * * LOW HITPOINT WARNING * * *
The gnoll sergeant hits you with a +0 spear!
You die...

......... .......
#..... .#
#...g####+###
...#...g# ^...^
#......)###._.###
#.......#.5...^§#
........####'#####
.......gg@.......#
..^.....g##...#..#
........###.)...###
..................#
....#....†.......∩#
##..#####...#....##
.. ###.#..###...##
.......####...#
.............##


You could see a gnoll sergeant and 2 gnolls.

Levels and vault maps discovered:
D:1:      minmay_arrival_doors, layout_rooms,
          hellmonk_ecumenical_altar_watching_god, serial_aquarium,
          aquarium_bridge_straight [aquarium_subvault_bridge,
          aquarium_subvault_window, aquarium_subvault_bridge,
          aquarium_subvault_balcony], aquarium_bridge_straight
          [aquarium_subvault_bridge, aquarium_subvault_window,
          aquarium_subvault_bridge, aquarium_subvault_window],
          aquarium_window_2, aquarium_window_fake, aquarium_window_1,
          aquarium_view_2f
D:2:      layout_loops_ring, basic_altar, serial_shops, shop
D:3:      layout_loops_ring, elyvilon_altar_1, minmay_rat_hole
D:4:      layout_cave_pools, nicolae_uskayaw_en_pointe, lemuel_crystal_altar,
          serial_shops, shop
D:5:      layout_basic, minmay_temple_entry_mini_moons
D:6:      layout_cave_pools, led_xom_imps, nicolae_ossuary_entry_monument,
          serial_shops, shop

Notes
Turn   | Place    | Note
-------+----------+-------------------------------------------
     0 | D:1      | tbh1313 the Minotaur Berserker began the quest for the Orb.
     0 | D:1      | Reached XP level 1. HP: 19/19 MP: 0/0
   206 | D:1      | Reached XP level 2. HP: 26/26 MP: 1/1
   325 | D:1      | Found a faded altar of an unknown god.
   326 | D:1      | Noticed a golden eye
   335 | D:1      | Noticed a golden eye
   335 | D:1      | Noticed an eye of devastation
   335 | D:1      | Noticed a golden eye
   754 | D:2      | Reached ** piety under Trog
   776 | D:2      | Reached skill level 5 in Axes
   796 | D:2      | Reached skill level 1 in Maces & Flails
   796 | D:2      | Reached XP level 3. HP: 30/31 MP: 2/2
  1054 | D:2      | Reached skill level 2 in Maces & Flails
  1056 | D:2      | Found an ancient bone altar of Kikubaaqudgha.
  1087 | D:2      | Found Jashro's Assorted Antiques.
  1113 | D:2      | Bought a pair of boots for 103 gold pieces
  1385 | D:3      | Found a white marble altar of Elyvilon.
  1446 | D:3      | Reached XP level 4. HP: 28/39 MP: 3/3
  1517 | D:3      | Reached skill level 3 in Maces & Flails
  1656 | D:3      | Reached *** piety under Trog
  1733 | D:3      | Reached skill level 4 in Maces & Flails
  2245 | D:4      | Reached XP level 5. HP: 43/45 MP: 4/4
  2266 | D:4      | Reached skill level 5 in Maces & Flails
  2305 | D:4      | Noticed an ogre
  2314 | D:4      | Killed an ogre
  2315 | D:4      | Reached skill level 6 in Maces & Flails
  2498 | D:4      | Reached XP level 6. HP: 38/51 MP: 5/5
  2578 | D:4      | Found a hazy altar of Hepliaklqana.
  2586 | D:4      | Reached skill level 7 in Maces & Flails
  2774 | D:4      | Found Soedoc's Antique Armour Boutique.
  2828 | D:4      | Noticed a +0 short sword
  2828 | D:4      | Noticed a +0 falchion
  2828 | D:4      | Noticed a +0 dagger
  2829 | D:4      | Noticed a +0 spear
  2829 | D:4      | Noticed a +0 dagger
  2830 | D:4      | Noticed a +0 falchion
  2830 | D:4      | Noticed a +0 short sword
  2831 | D:4      | Noticed a +0 spear
  2847 | D:4      | Found a hide-covered altar of Uskayaw.
  2904 | D:5      | Entered Level 5 of the Dungeon
  3067 | D:5      | Found a staircase to the Ecumenical Temple.
  3370 | D:5      | Reached skill level 8 in Maces & Flails
  3370 | D:5      | Reached XP level 7. HP: 37/57 MP: 6/6
  3462 | D:5      | Identified the +1 plate armour of Restlessness {Harm}
  3909 | D:6      | Found Homn's Jewellery Shoppe.
  3916 | D:6      | Reached skill level 9 in Maces & Flails
  3930 | D:6      | Found a shimmering altar of Xom.
  4039 | D:6      | Reached skill level 10 in Maces & Flails
  4047 | D:6      | HP: 5/57 [gnoll/+0 spear[a gnoll sergeant] (3)]
  4047 | D:6      | Slain by a gnoll sergeant

Table legend: (Time is in decaauts)
 A = Elapsed time spent in this place.
 B = Non-inter-level travel time spent in this place.
 C = Inter-level travel time spent in this place.
 D = Time resting spent in this place.
 E = Time spent auto-exploring this place.
 F = Levels seen in this place.
 G = Mean time per level.
                   A        B        C        D        E       F      G
               +--------+--------+--------+--------+--------+-----+--------+
         Total |   3997 |   3901 |     96 |    478 |   2843 |   6 |  666.2 |
       Dungeon |   3997 |   3901 |     96 |    478 |   2843 |   6 |  666.2 |
               +--------+--------+--------+--------+--------+-----+--------+

Top non-repeatable levels by time:
     D:5: 986 daAuts
     D:3: 860 daAuts
     D:4: 684 daAuts
     D:2: 677 daAuts
     D:1: 670 daAuts
     D:6: 118 daAuts

Table legend:
 A = Kills in this place as a percentage of kills in entire the game.
 B = Kills by you in this place as a percentage of kills by you in the entire game.
 C = Kills by friends in this place as a percentage of kills by friends in the entire game.
 D = Other kills in this place as a percentage of other kills in the entire game.
 E = Experience gained in this place as a percentage of experience gained in the entire game.
 F = Experience gained in this place divided by the number of levels of this place that you have seen.
                   A       B       C       D       E      F
               +-------+-------+-------+-------+-------+----------------------
         Total | 100.0 | 100.0 |   N/A |   N/A | 100.0 | 218.7
       Dungeon | 100.0 | 100.0 |   N/A |   N/A | 100.0 | 218.7
               +-------+-------+-------+-------+-------+----------------------

Action                   |  1- 3 |  4- 6 |  7- 9 || total
-------------------------+-------+-------+-------++-------
Melee: Hand axe          |    50 |       |       ||    50
       Whip              |    42 |   122 |    76 ||   240
       Headbutt          |     1 |    18 |    14 ||    33
       Punch             |     1 |       |       ||     1
Invok: Trog's Hand       |       |     1 |     1 ||     2
       Berserk           |       |     1 |       ||     1
  Use: Scroll            |     2 |     3 |       ||     5
 Stab: Sleeping          |     1 |       |       ||     1
Armor: Animal skin       |    11 |       |       ||    11
       Ring mail         |     7 |    37 |    19 ||    63
Dodge: Dodged            |    67 |    55 |    26 ||   148

Vanquished Creatures
  3 ogres
  A centaur (D:5)
  A bullfrog (D:6)
  A howler monkey (D:6)
  4 crimson imps (D:6)
  2 hounds (D:5)
  An orc priest (D:4)
  An iguana (D:4)
  A gnoll (D:6)
  11 adders
  3 white imps
  3 dart slugs
  12 orcs
  4 ball pythons
  5 bats
  6 endoplasms
  3 giant cockroaches
  4 goblins
  4 hobgoblins
  9 kobolds
  6 quokkas
  2 frilled lizards
  23 rats
110 creatures vanquished.
